Map: Alcyone LE

Players

Creator

  • Race: Protoss Protoss
  • Spawn Location: 1:00

DKZJieShi (Jieshi) - Winner!

  • Race: Protoss Protoss
  • League: Master
  • Spawn Location: 7:00

Event: IEM Katowice 2024

VOD

Have the link to the VOD?

Description

Time

  • Played on: Dec. 7, 2023, 1:59 p.m.
  • Length: 4:53

All games in this series

Show
View Real Time Build Order
Export as new Build Order

Creator Protoss 

Build Orders: 1 Gate Expand 

Get SALT Encoding   

  12  0:00  Probe  
  13  0:12  Probe  
  14  0:17  Pylon  
  14  0:24  Probe (Chrono Boost)  
  15  0:36  Probe (Chrono Boost)  
  15  0:37  Gateway  
  16  0:44  Probe (Chrono Boost)  
  16  0:45  Assimilator  
  17  0:51  Probe  
  18  1:03  Probe  
  19  1:15  Probe  
  20  1:22  Nexus  
  20  1:32  Cybernetics Core  
  20  1:34  Probe  
  20  1:39  Assimilator  
  21  1:47  Probe  
  22  1:50  Pylon  
  22  1:59  Probe  
  23  2:07  Stalker (Chrono Boost)  
  23  2:10  Warp Gate  
  23  2:11  Probe  
  26  2:23  Probe  
  26  2:27  Stalker (Chrono Boost)  
  29  2:30  Shield Battery  
  29  2:33  Pylon  
  29  2:37  Probe  
  29  2:46  Robotics Facility  
  29  2:48  Stalker (Chrono Boost)  
  31  2:52  Probe  
  31  2:56  Probe  
  33  3:01  Shield Battery  
  33  3:08  Probe  
  33  3:10  Sentry, Pylon  
  36  3:19  Probe  
  37  3:20  Probe  
  38  3:29  Shield Battery  
  38  3:31  Immortal (Chrono Boost)  
  42  3:39  Shield Battery  
  42  3:40  Probe  
  43  3:44  Probe  
  44  3:52  Gateway  
  44  3:54  Probe  
  45  3:57  Probe  
  45  4:00  Sentry  
  48  4:04  Observer  
  48  4:06  Probe, Pylon  
  51  4:10  Probe (Chrono Boost)  
  51  4:16  Pylon  
  51  4:18  Probe (Chrono Boost)  
  53  4:25  Twilight Council, Stalker  
  53  4:27  Probe (Chrono Boost)  
  53  4:30  Pylon  
  56  4:39  Pylon  
  42  4:47  Zealot  
  42  4:49  Zealot  
Show
View Real Time Build Order
Export as new Build Order

DKZJieShi Protoss - Winner!

Build Orders:  

Get SALT Encoding   

  12  0:00  Probe  
  13  0:12  Probe  
  14  0:17  Pylon  
  14  0:25  Probe (Chrono Boost)  
  16  0:37  Gateway, Probe (Chrono Boost)  
  16  0:43  Probe (Chrono Boost)  
  16  0:45  Assimilator  
  17  0:51  Probe  
  17  0:53  Assimilator  
  18  1:03  Probe (Chrono Boost)  
  19  1:07  Gateway  
  19  1:12  Probe (Chrono Boost)  
  19  1:17  Probe (Chrono Boost)  
  20  1:24  Cybernetics Core  
  21  1:29  Probe  
  22  1:33  Pylon  
  22  1:41  Probe  
  23  1:53  Probe  
  24  2:00  Warp Gate  
  24  2:01  Adept x2  
  28  2:13  Robotics Facility  
  28  2:21  Pylon  
  28  2:32  Stalker  
  30  2:39  Stalker  
  32  2:49  Gateway  
  32  2:58  Immortal (Chrono Boost)  
  36  3:06  Pylon  
  36  3:27  Warp Prism (Chrono Boost)  
  38  3:46  Pylon  
  38  3:48  Adept x2  
  38  3:49  Adept  
  44  3:56  Observer  
  45  4:08  Pylon  
  45  4:10  Adept x2  
  45  4:11  Adept  
  51  4:34  Stalker x2  
  51  4:35  Stalker  

Tags
 
Add a new tag
Caveats
  • Supply blocks, unpowered buildings, or Contaminate may cause inaccurate times.
  • Supply counts are checked every 10 seconds.